 Dungeon Crawl Stone Soup version 0.28-a0-57-g271197699b (webtiles) character file.

Game seed: 9564011153721912952

609257 LunaMoon the Impregnable (level 26, -8/251 HPs)
             Began as a Minotaur Fighter on July 30, 2021.
             Was a High Priest of the Shining One.
             Mangled by a rockslime (20 damage)
             ... created by the Royal Jelly
             ... on level 4 of the Pits of Slime.
             The game lasted 03:41:11 (61676 turns).

LunaMoon the Impregnable (Minotaur Fighter)        Turns: 61676, Time: 03:41:12

Health: -8/251     AC: 17    Str: 42    XL:     26   Next: 71%
Magic:  29/35      EV: 28    Int:  5    God:    the Shining One [*****.]
Gold:   22626      SH: 22    Dex: 23    Spells: 25/25 levels left

rFire   + + +      SeeInvis +   L - +9 trishula (holy)
rCold   + + +      Faith    .   F - +2 shield of Resistance {rF++ rC++ Will++}
rNeg    + + .      Spirit   .   Q - +0 storm dragon scales of Majestic Birdsong {Contam *Corrode rElec Regen+ Slay+6}
rPois   +          Reflect  .   (helmet restricted)
rElec   +          Harm     .   Y - +2 cloak of Lust {Rampage Regen+ Dex+5}
rCorr   +          Rampage  +   w - +3 pair of gloves of the Earth {Regen+ Str+4 Dex-2}
Will    +++..                   p - +1 pair of boots
Stlth   ..........              T - amulet of Darkness {rC+ Regen+ Dex+3 Slay+3}
HPRegen 4.51/turn               N - +4 ring of slaying
MPRegen 0.24/turn               K - ring of Xeub {Str+6 Dex+6}

@: mighty, resistant, engulfed (cannot breathe), corroded, glowing
A: horns 2, retaliatory headbutt, claws 1, see invisible, fire resistance 1,
electricity resistance, wild magic 1, no potion heal 2
}: 3/15 runes: decaying, serpentine, silver
a: Renounce Religion, Divine Shield, Cleansing Flame, Summon Divine Warrior


You were on level 4 of the Pits of Slime.
You worshipped the Shining One.
The Shining One was extremely pleased with you.
You visited 12 branches of the dungeon, and saw 54 of its levels.
You visited 1 bazaar.
You also visited: Bailey, Volcano and Wizlab.

You collected 24792 gold pieces.
You spent 2135 gold pieces at shops.
You paid 31 gold pieces to Gozag.

Inventory:

Hand Weapons
 L - a +9 trishula of holy wrath (weapon)
Missiles
 H - 8 throwing nets (quivered)
Armour
 c - the +1 cloak of Starlight {*Dazzle EV+4 Stlth--}
   (You acquired it on level 15 of the Dungeon)

   It may blind those who miss an attack against the wearer in melee combat.
   EV:        It affects your evasion (+4).
   Stlth:     It makes you much less stealthy.
 p - a +1 pair of boots (worn)
 w - the +3 pair of gloves of the Earth (worn) {Regen+ Str+4 Dex-2}
   (You acquired it in a bailey)

   Str:       It affects your strength (+4).
   Dex:       It affects your dexterity (-2).
   Regen:     It increases your rate of health regeneration.
 y - a +0 hat of intelligence
 F - the +2 shield of Resistance (worn) {rF++ rC++ Will++}
   (You took it off Donald on level 1 of the Swamp)

   rF:        It greatly protects you from fire.
   rC:        It greatly protects you from cold.
   Will:      It greatly increases your willpower.
 Q - the +0 storm dragon scales of Majestic Birdsong (worn) {Contam *Corrode rElec Regen+ Slay+6}
   (You found it on level 1 of the Lair of Beasts)

   Slay:      It affects your accuracy & damage with ranged weapons and melee
   (+6).
   rElec:     It insulates you from electricity.
   Contam:    It causes magical contamination when unequipped.
   Regen:     It increases your rate of health regeneration.
   *Corrode:  It may corrode you when you take damage.
 Y - the +2 cloak of Lust (worn) {Rampage Regen+ Dex+5}
   (You found it on level 4 of the Swamp)

   Dex:       It affects your dexterity (+5).
   Regen:     It increases your rate of health regeneration.
   Rampage:   It bestows one free step when moving towards enemies.
Jewellery
 j - the ring of Munasalu {+Blink rElec rC- rN+++ AC+4}
   (You found it in a wizard's laboratory)

   [ring of protection]

   AC:        It affects your AC (+4).
   rC:        It makes you vulnerable to cold.
   rElec:     It insulates you from electricity.
   rN:        It renders you almost immune to negative energy.
   +Blink:    It lets you blink.
 q - an amulet of magic regeneration
 u - the ring of the Tortoise {AC+8}
   (You took it off an ironbound preserver on level 5 of the Vaults)

   [ring of protection]

   AC:        It affects your AC (+8).
 x - the amulet of Liberty {Faith +Blink rPois rCorr}
   (You found it on level 3 of the Crypt)

   [amulet of faith]

   It allows you to gain divine favour quickly.
   rPois:     It protects you from poison.
   +Blink:    It lets you blink.
   rCorr:     It protects you from acid and corrosion.
 B - the ring "Kojithun" {rF+ Will+ Int-5 SInv}
   (You took it off a frost giant on level 5 of the Vaults)

   [ring of willpower]

   Int:       It affects your intelligence (-5).
   rF:        It protects you from fire.
   SInv:      It lets you see invisible.
   Will:      It increases your willpower.
 K - the ring of Xeub (right hand) {Str+6 Dex+6}
   (You acquired it in a bailey)

   [ring of strength]

   Str:       It affects your strength (+6).
   Dex:       It affects your dexterity (+6).
 M - an amulet of reflection
 N - a +4 ring of slaying (left hand)
 O - a ring of magical power
 T - the amulet of Darkness (around neck) {rC+ Regen+ Dex+3 Slay+3}
   (You took it off a deep elf demonologist on level 3 of the Elven Halls)

   [amulet of regeneration]

   Dex:       It affects your dexterity (+3).
   Slay:      It affects your accuracy & damage with ranged weapons and melee
   (+3).
   rC:        It protects you from cold.
   Regen:     It increases your rate of health regeneration.
 X - the brooch of Shielding {Spirit SH+8}
   (You took it off a deep elf sorcerer on level 3 of the Elven Halls)

   [amulet of guardian spirit]

   It causes incoming damage to be divided between your reserves of health and
   magic.
   SH:        It affects your SH (+8).
 Z - a ring of protection from fire
Wands
 l - a wand of polymorph (7)
 z - a wand of flame (26)
 C - a wand of iceblast (10)
 J - a wand of charming (6)
Scrolls
 a - 6 scrolls of blinking
 b - 4 scrolls of holy word
 e - 5 scrolls of magic mapping
 f - 9 scrolls of enchant armour
 o - 7 scrolls of amnesia
 t - 4 scrolls of brand weapon
 v - 7 scrolls of immolation
 D - 23 scrolls of teleportation
 E - 5 scrolls of fog
 I - 6 scrolls of fear
 P - 3 scrolls of silence
 S - 20 scrolls of identify
Potions
 d - 5 potions of might
 g - 12 potions of haste
 h - 5 potions of lignification
 i - 15 potions of heal wounds
 k - 16 potions of mutation
 n - 2 potions of magic
 r - a potion of brilliance
 s - 3 potions of curing
 A - 2 potions of invisibility
 G - 4 potions of ambrosia
 U - 5 potions of flight
 V - 2 potions of resistance
 W - 4 potions of cancellation


   Skills:
 - Level 23.3 Fighting
 + Level 18.5 Polearms
 - Level 24.4 Armour
 - Level 22.6 Dodging
 - Level 23.6 Shields
 * Level 18.0 Invocations


You had 25 spell levels left.
You didn't know any spells.
Your spell library contained the following spells:

 Spells                   Type           Power      Damage    Failure   Level
 Animate Skeleton         Necr           0%         N/A       75%         1
 Apportation              Tloc           0%         N/A       75%         1
 Beastly Appendage        Tmut           0%         N/A       75%         1
 Corona                   Hex            0%         N/A       75%         1
 Foxfire                  Conj/Fire      0%         2x1d4     75%         1
 Freeze                   Ice            0%         1d3       75%         1
 Pain                     Necr           0%         1d4       75%         1
 Sting                    Tmut/Pois      0%         1d3       75%         1
 Summon Small Mammal      Summ           0%         N/A       75%         1
 Blink                    Tloc           N/A        N/A       87%         2
 Ensorcelled Hibernation  Hex/Ice        0%         N/A       87%         2
 Passwall                 Tmut/Erth      0%         N/A       87%         2
 Poisonous Vapours        Pois/Air       0%         N/A       87%         2
 Slow                     Hex            0%         N/A       87%         2
 Static Discharge         Conj/Air       0%         N/A       87%         2
 Sublimation of Blood     Necr           0%         N/A       87%         2
 Wereblood                Tmut           0%         N/A       87%         2
 Call Canine Familiar     Summ           0%         N/A       98%         3
 Confusing Touch          Hex            0%         N/A       98%         3
 Conjure Flame            Conj/Fire      0%         6-21      98%         3
 Frozen Ramparts          Ice            0%         1d2       98%         3
 Gell's Gravitas          Tloc           0%         N/A       98%         3
 Ignite Poison            Fire/Tmut/Pois 0%         N/A       98%         3
 Inner Flame              Hex/Fire       0%         N/A       98%         3
 Mephitic Cloud           Conj/Pois/Air  0%         N/A       98%         3
 Ozocubu's Armour         Ice            0%         N/A       98%         3
 Portal Projectile        Hex/Tloc       0%         N/A       98%         3
 Spider Form              Tmut/Pois      0%         N/A       98%         3
 Summon Guardian Golem    Hex/Summ       0%         N/A       98%         3
 Teleport Other           Tloc           0%         N/A       98%         3
 Tukima's Dance           Hex            0%         N/A       98%         3
 Vampiric Draining        Necr           0%         2d6       98%         3
 Cause Fear               Hex            0%         N/A       100%        4
 Dispel Undead            Necr           0%         3d6       100%        4
 Hailstorm                Conj/Ice       0%         3d3       100%        4
 Ice Form                 Ice/Tmut       0%         N/A       100%        4
 Leda's Liquefaction      Hex/Erth       0%         N/A       100%        4
 Olgreb's Toxic Radiance  Pois           0%         N/A       100%        4
 Petrify                  Tmut/Erth      0%         N/A       100%        4
 Sticky Flame             Conj/Fire      0%         2d3       100%        4
 Summon Ice Beast         Ice/Summ       0%         N/A       100%        4
 Summon Lightning Spire   Summ/Air       0%         N/A       100%        4
 Agony                    Necr           0%         N/A       100%        5
 Alistair's Intoxication  Tmut/Pois      0%         N/A       100%        5
 Blade Hands              Tmut           0%         N/A       100%        5
 Bolt of Magma            Conj/Fire/Erth 0%         4d4       100%        5
 Excruciating Wounds      Necr           0%         N/A       100%        5
 Freezing Cloud           Conj/Ice/Air   0%         6-21      100%        5
 Irradiate                Conj/Tmut      0%         3d13      100%        5
 Iskenderun's Battlesphe  Conj           0%         2d6       100%        5
 Manifold Assault         Tloc           0%         N/A       100%        5
 Metabolic Englaciation   Hex/Ice        0%         N/A       100%        5
 Summon Mana Viper        Hex/Summ       0%         N/A       100%        5
 Yara's Violent Unravell  Hex/Tmut       0%         3d3       100%        5
 Dispersal                Tloc           0%         N/A       100%        6
 Invisibility             Hex            0%         N/A       100%        6
 Iron Shot                Conj/Erth      0%         9d1       100%        6
 Shadow Creatures         Summ           N/A        N/A       100%        6
 Simulacrum               Ice/Necr       0%         N/A       100%        6
 Dragon Form              Tmut           0%         N/A       100%        7
 Malign Gateway           Summ/Tloc      0%         N/A       100%        7
 Monstrous Menagerie      Summ           0%         N/A       100%        7
 Orb of Destruction       Conj           0%         N/A       100%        7
 Ozocubu's Refrigeration  Ice            0%         4d5       100%        7
 Spellforged Servitor     Conj/Summ      0%         N/A       100%        7
 Storm Form               Tmut/Air       0%         N/A       100%        7
 Summon Hydra             Summ           0%         N/A       100%        7
 Discord                  Hex            0%         N/A       100%        8
 Ignition                 Fire           0%         3d3       100%        8
 Maxwell's Capacitive Co  Air            0%         ∞         100%        8
 Summon Horrible Things   Summ           0%         N/A       100%        8
 Polar Vortex             Ice            0%         N/A       100%        9


Dungeon Overview and Level Annotations

Branches:
Dungeon (15/15)            Temple (1/1) D:4            Lair (6/6) D:8
  Swamp (4/4) Lair:3        Snake (4/4) Lair:4        Slime (5/5) Lair:5
    Orc (2/2) D:12            Elf (3/3) Orc:2        Vaults (5/5) D:13
  Crypt (3/3) Vaults:3       Tomb (0/3) Crypt:3      Depths (5/5) D:15
   Hell (visited)             Zot (0/5) Depths:5     Bailey (visited)
Volcano (visited)          WizLab (visited)
    Dis: Hell:1         Geh: Hell:1         Coc: Hell:1         Tar: Hell:1

Altars:
Ashenzari
Cheibriados
Dithmenos
Elyvilon
Fedhas
Gozag
Hepliaklqana
Makhleb
Nemelex Xobeh
Okawaru
Qazlal
Ru
Sif Muna
Trog
Uskayaw
Vehumet
Wu Jian
Xom
Yredelemnul
The Shining One
Beogh
Jiyva

Shops:
D:1 [[[!*   D:3 [(   D:12 (   Orc:1 ?   Orc:2 (!*   Elf:1 **   Snake:1 :?[
Vaults:3 (   Vaults:4 (   Vaults:5 !!

Portals:
Hell: Depths:1 Depths:2 Depths:3 Depths:4 Depths:5
Abyss: Depths:2 Depths:4
Pandemonium: Depths:1 Depths:3 Depths:5
Ziggurat: Depths:1

Annotations:
Lair:6 2 transporters, xXDeathSunXx's ghost, journeyman HOAK
Slime:5 Royal Jelly
Hell Geryon


Innate Abilities, Weirdness & Mutations

You have a pair of horns on your head.
You reflexively headbutt those who attack you in melee.
You have sharp fingernails.
You have supernaturally acute eyesight. (SInv)
Your flesh is heat resistant. (rF+)
You are resistant to electric shocks. (rElec)
Your spells are a little harder to cast, but a little more powerful.
Potions cannot restore your health.


Message History

You hold your ground!
You block the rockslime's attack. The rockslime barely misses you.
You climb upwards.
There is a stone staircase leading down here.
You puncture the quicksilver ooze! You headbutt the quicksilver ooze.
The quicksilver ooze is severely wounded.
You block the acid blob's attack. The rockslime misses you.
You furiously retaliate!
You headbutt the rockslime!
The quicksilver ooze closely misses you.
You block the quicksilver ooze's attack.
The quicksilver ooze hits you!
* * * LOW HITPOINT WARNING * * *
The quicksilver ooze engulfs you!
You block the quicksilver ooze's attack.
Okay, then.
You cannot read scrolls while unable to breathe!
Unknown command.
You feel very mighty all of a sudden.
* * * LOW HITPOINT WARNING * * *
Your lungs strain for air!
You block the rockslime's attack. The acid blob spits acid at you.
The splash of acid hits you!
* * * LOW HITPOINT WARNING * * *
You are splashed with acid!
* * * LOW HITPOINT WARNING * * *
You block the quicksilver ooze's attack.
The quicksilver ooze misses you. The quicksilver ooze hits you.
You block the quicksilver ooze's attack.
The rockslime completely misses you. You block the rockslime's attack.
You feel protected.
* * * LOW HITPOINT WARNING * * *
Your lungs strain for air!
The quicksilver ooze completely misses you. x3
You block the quicksilver ooze's attack.
The acid blob spits acid at you. You block the splash of acid.
The rockslime hits you but does no damage.
The rockslime hits you!!
You die...

##............8.........^........
#..........#.##......#..#....#...
..........#..#.......#......###..
##........#.................# ##.
.#.......#.................## ..
...>>....##................## ##.
..........#......##.........# #.
...............J.J.......#.## ##
...............J@J....#....## #
.#......#.......JG..........# #
##......#......#........#....#
#......##.....##.......###....#
#.............##.......# #..##
...............#......## ###
..............#.#...###
.............#......#
##.##.####.####.##.##


You could see an acid blob, 2 rockslimes, an eye of devastation and 2
quicksilver oozes.

Vanquished Creatures
  Dissolution (Slime:3)
  3 dread liches
  A juggernaut (Depths:2)
  The ghost of Vecvo the Warrior, a veteran GrFi of the Shining One (Crypt:1)
  Sojobo (Crypt:2)
  Boris (Depths:4)
  Vashnia (Snake:3)
  Saint Roka (Vaults:4)
  Frederick (Crypt:2)
  Xtahua (Depths:4)
  Jory (Depths:4)
  A mutant beast (WizLab)
  6 golden dragons
  the Enchantress (Depths:2)
  2 bone dragons
  The ghost of Jihiargh the Severer, an adept HOFi of Qazlal (Vaults:3)
  5 tentacled monstrosities
  7 liches
  The ghost of mora the Peltast, an adept FoFi of Gozag (Swamp:4)
  The ghost of Bapho the Executioner, an adept FoFi of Okawaru (Swamp:3)
  Rupert (Lair:4)
  Asterion (Depths:2)
  2 deep elf master archers (Elf:3)
  9 titans
  3 quicksilver dragons
  2 deep elf blademasters (Elf:3)
  2 ancient champions (Crypt:1)
  3 sphinxes
  Kirke (Lair:3)
  Frances (D:12)
  12 acid blobs
  5 storm dragons
  A thorn hunter (Swamp:2)
  Donald (Swamp:1)
  8 shadow dragons
  6 tengu reavers
  A draconian monk (Depths:5)
  The ghost of Esiutuon the Sorcerer, an adept DECj of Vehumet (Swamp:4)
  6 rockslimes
  3 revenants (Crypt:1)
  11 azure jellies
  5 fire giants
  16 nagarajas
  5 iron dragons
  4 deep elf sorcerers
  11 vault wardens
  9 frost giants
  Aizul (Depths:2)
  A draconian shifter (Depths:5)
  2 orc warlords
  4 curse skulls
  8 ghouls
  4 deep elf elementalists
  4 spectral caustic shrikes (Depths:1)
  5 spriggan defenders
  35 very ugly things
  6 quicksilver oozes
  21 ironbound preservers
  6 war gargoyles
  21 stone giants
  A green draconian (Depths:5)
  7 vampire knights
  5 deep elf demonologists
  A yellow draconian (Depths:5)
  A lorocyproca (Depths:1)
  2 purple draconians (Depths:5)
  9 deep elf annihilators (Elf:3)
  3 bunyips
  A black draconian (Depths:5)
  9 dire elephants
  A red draconian (Depths:5)
  A white draconian (Depths:5)
  A merfolk javelineer (Depths:2)
  10 spark wasps
  Snorg (D:12)
  An ettin (shapeshifter) (Depths:3)
  A quicksilver dragon zombie (Crypt:1)
  9 deep elf death magi
  4 eleionomae
  7 fire dragons
  2 eidola
  4 merfolk impalers
  13 ettins
  3 crystal guardians (Crypt:3)
  13 hydras
  8 great orbs of eyes
  14 yaktaur captains
  5 ironbound thunderhulks
  5 ice dragons
  3 deep elf high priests
  A quicksilver dragon skeleton (Crypt:3)
  A salamander tyrant (Snake:4)
  Erolcha (Orc:1)
  4 boulder beetles
  The ghost of Blejac999 the Thaumaturge, a journeyman DjCj of Makhleb (D:9)
  4 catoblepae
  3 rakshasas
  34 vault guards
  2 ogre magi
  13 naga warriors
  8 ironbound frosthearts
  2 anacondas (shapeshifter)
  10 spriggan air magi
  10 anacondas
  A ghost crab (Swamp:2)
  14 centaur warriors
  2 death knights (Crypt:1)
  13 two-headed ogres
  6 deep troll shamans
  4 orc high priests (Orc:2)
  4 deep troll earth magi
  9 alligators
  A death yak (shapeshifter) (Vaults:5)
  6 vampire magi
  10 spriggan berserkers
  21 naga sharpshooters
  6 death yaks (Lair:6)
  A shock serpent (shapeshifter) (WizLab)
  An iron golem (WizLab)
  9 tengu warriors
  9 shock serpents
  4 ironbound beastmasters
  7 large abominations (WizLab)
  16 hell knights
  8 deep elf knights
  A sun demon (Depths:1)
  Nergalle (D:12)
  3 soul eaters
  A salamander mystic (Snake:3)
  A titan skeleton (Crypt:1)
  6 goliath frogs
  A shadow wraith (Crypt:1)
  2 golden dragon zombies (Crypt:3)
  5 iron trolls
  28 skeletal warriors
  5 flayed ghosts
  4 naga ritualists
  An anaconda zombie (Crypt:3)
  A glowing orange brain (shapeshifter) (Vaults:4)
  6 bog bodies
  A sea snake (shapeshifter) (Depths:2)
  2 storm dragon skeletons
  69 deep trolls
  A deep troll (shapeshifter) (WizLab)
  5 spriggan druids
  4 lindwurms
  6 wizards
  5 harpies (Vaults:1)
  18 deep elf zephyrmancers
  2 anaconda skeletons
  12 ironbound convokers
  A sphinx zombie (Vaults:1)
  4 deep elf archers
  7 glowing orange brains
  8 phantasmal warriors
  5 swamp dragons
  A shadow dragon zombie (Crypt:1)
  13 orc knights
  A harpy (shapeshifter) (WizLab)
  2 orb spiders (shapeshifter) (WizLab)
  An iron dragon zombie (Crypt:1)
  14 necromancers
  9 mana vipers
  62 ugly things
  3 stone giant zombies
  16 deep elf pyromancers
  2 frost giant zombies (Crypt:1)
  2 cyclopes
  A tengu skeleton (Depths:3)
  4 orc sorcerers
  A faun (shapeshifter) (WizLab)
  8 shining eyes
  9 salamanders
  An oklob plant (Lair:2)
  4 manticores
  2 shining eyes (shapeshifter)
  A salamander (shapeshifter) (Elf:2)
  A frost giant skeleton (Crypt:1)
  23 black mambas
  A guardian serpent (shapeshifter) (WizLab)
  5 guardian serpents
  3 rust devils (Depths:1)
  Maurice (Orc:1)
  17 vault sentinels
  14 naga magi
  3 black mambas (shapeshifter) (WizLab)
  An eye of devastation (Slime:3)
  7 gargoyles
  An elf zombie (Depths:3)
  10 cane toads
  A cane toad (shapeshifter) (WizLab)
  3 kobold demonologists
  Maggie (D:6)
  A dire elephant skeleton (Crypt:3)
  An emperor scorpion zombie (Crypt:2)
  An orange demon (Depths:1)
  2 unseen horrors (D:12)
  An elf skeleton (Depths:3)
  2 efreet (D:14)
  7 komodo dragons
  8 rime drakes
  2 purple draconian skeletons (Crypt:2)
  An unseen horror (shapeshifter) (WizLab)
  2 yaktaurs (shapeshifter) (WizLab)
  38 yaktaurs
  An anaconda simulacrum (Crypt:1)
  5 tengu conjurers
  A sea snake zombie (Crypt:1)
  2 hellwings (Depths:1)
  5 freezing wraiths
  6 trolls
  2 red devils
  8 tyrant leeches
  A wolf spider simulacrum (Crypt:1)
  2 trolls (shapeshifter)
  A bloated husk (Swamp:2)
  A wind drake (shapeshifter) (WizLab)
  2 meliai (shapeshifter) (WizLab)
  8 hornets
  A slime creature (shapeshifter) (Vaults:5)
  2 meliai (D:13)
  94 slime creatures
  A blink frog (shapeshifter) (WizLab)
  3 blink frogs (Lair:2)
  A harpy skeleton (Volcano)
  Prince Ribbit (D:5)
  A fire dragon zombie (Crypt:3)
  2 ice dragon zombies
  An ettin zombie (Crypt:3)
  2 air elementals
  33 flying skulls
  An ice dragon skeleton (Crypt:3)
  A redback (shapeshifter) (Depths:3)
  13 water elementals
  8 redbacks (D:13)
  A centaur simulacrum (D:9)
  2 spriggans (shapeshifter) (WizLab)
  5 hogs
  47 yaks
  A fire bat (shapeshifter) (WizLab)
  11 spriggans
  13 wyverns
  A hog (shapeshifter) (WizLab)
  2 alligator skeletons (Volcano)
  4 tarantellas (shapeshifter)
  9 humans (D:13)
  A black mamba skeleton (Crypt:3)
  8 wraiths
  13 basilisks
  2 basilisks (shapeshifter)
  2 humans (shapeshifter) (WizLab)
  2 neqoxecs (Depths:1)
  4 swamp worm simulacra (Swamp:4)
  A yak (shapeshifter) (Elf:2)
  16 vampire mosquitoes
  A swamp worm (shapeshifter) (Vaults:5)
  6 wargs
  38 nagas
  A warg (shapeshifter) (WizLab)
  12 swamp worms
  6 small abominations (WizLab)
  13 water moccasins
  2 hell hounds (Lair:5)
  4 floating eyes (WizLab)
  13 hydra simulacra (Swamp:4)
  An ice beast (D:6)
  A water nymph skeleton (Crypt:1)
  4 black bears
  A swamp drake (Swamp:3)
  A hornet zombie (D:8)
  A black bear (shapeshifter) (D:14)
  11 necrophages
  43 orc warriors
  A sky beast (shapeshifter) (WizLab)
  12 ogres
  9 centaurs
  An elephant skeleton (Crypt:2)
  12 wolves
  5 phantoms
  2 hog skeletons (Crypt:2)
  17 bullfrogs
  3 kobold brigands
  2 scorpions
  An earth elemental (Elf:1)
  A gnoll sergeant (D:12)
  16 killer bees
  15 wights
  A polar bear skeleton (Crypt:1)
  4 spriggan skeletons
  4 troll skeletons
  5 howler monkeys
  6 electric eels
  2 bullfrog zombies
  A centaur zombie (D:7)
  A hound (shapeshifter) (WizLab)
  4 jellies
  2 human zombies
  28 orc priests
  A bullfrog skeleton (D:4)
  2 iguanas
  Jessica (D:3)
  2 scorpion zombies (D:4)
  19 orc wizards
  4 hell rats (Lair:5)
  A killer bee zombie (D:5)
  A naga skeleton (Volcano)
  A hound skeleton (D:4)
  4 howler monkey zombies
  A howler monkey skeleton (D:7)
  4 adders
  15 gnolls
  A steam dragon skeleton (Crypt:2)
  A shadow imp (D:7)
  A white imp (D:6)
  An ufetubus (D:6)
  4 swamp drake simulacra (Swamp:4)
  An adder zombie (D:4)
  An adder skeleton (D:4)
  2 worms (D:2)
  3 dart slugs
  99 orcs
  6 ball pythons
  5 endoplasms
  3 giant cockroaches
  26 goblins
  21 hobgoblins
  4 jackals
  7 quokkas
  6 bats
  4 frilled lizards
  A goblin skeleton (Crypt:1)
  27 kobolds
  8 rats
  A bush (Lair:2)
2166 creatures vanquished.

Vanquished Creatures (others)
  A hydra (Swamp:1)
  33 dancing weapons
  A swamp dragon (Swamp:4)
  3 bloated husks
  A flying skull (Volcano)
  A naga (Snake:3)
  An orc priest (Orc:2)
  An orc (Orc:2)
  73 fungi
  94 plants
209 creatures vanquished.

Grand Total: 2375 creatures vanquished

Notes
Turn   | Place    | Note
-------+----------+-------------------------------------------
     0 | D:1      | LunaMoon the Minotaur Fighter began the quest for the Orb.
     0 | D:1      | Reached XP level 1. HP: 19/19 MP: 0/0
    17 | D:1      | Found Wetof's Distillery.
    20 | D:1      | Found Cinufrierch's Armour Shoppe.
    91 | D:1      | Reached XP level 2. HP: 25/26 MP: 1/1
   349 | D:1      | Found a faded altar of an unknown god.
   411 | D:1      | Reached XP level 3. HP: 31/31 MP: 2/2
   443 | D:1      | Found Iruonuupt's Armour Emporium.
   446 | D:1      | Found Qotrid's Antique Armour Shop.
   722 | D:1      | Found Veen's Assorted Antiques.
  1060 | D:2      | Reached skill level 5 in Polearms
  1100 | D:2      | Reached XP level 4. HP: 34/39 MP: 3/3
  1462 | D:3      | Found Duynah's Armour Shoppe.
  1531 | D:3      | Found Boceleh's Weapon Boutique.
  1852 | D:2      | Reached XP level 5. HP: 37/45 MP: 4/4
  2131 | D:3      | Found a burning altar of Makhleb.
  2179 | D:3      | Noticed Jessica
  2184 | D:3      | Killed Jessica
  2260 | D:4      | Found an ornate altar of the Wu Jian Council.
  2264 | D:4      | Found a shimmering altar of Xom.
  2265 | D:4      | Found a sparkling altar of Nemelex Xobeh.
  2265 | D:4      | Found a hide-covered altar of Uskayaw.
  2374 | D:4      | Noticed a necrophage
  2382 | D:4      | Killed a necrophage
  2383 | D:4      | Reached XP level 6. HP: 44/51 MP: 5/5
  2476 | D:4      | Found a staircase to the Ecumenical Temple.
  2512 | Temple   | Entered the Ecumenical Temple
  2520 | Temple   | Became a worshipper of Gozag Ym Sagoz the Greedy
  2958 | D:4      | Found a basalt altar of Yredelemnul.
  3053 | D:4      | Reached XP level 7. HP: 49/57 MP: 6/6
  3158 | D:4      | Reached skill level 10 in Polearms
  3354 | D:4      | Reached XP level 8. HP: 64/64 MP: 7/7
  3587 | D:1      | Bought a glowing trident for 188 gold pieces
  3678 | D:5      | Entered Level 5 of the Dungeon
  4187 | D:5      | Noticed Prince Ribbit
  4201 | D:5      | Killed Prince Ribbit
  4756 | D:6      | Noticed Maggie
  4777 | D:6      | Killed Maggie
  4778 | D:6      | Reached XP level 9. HP: 12/70 MP: 8/8
  5067 | D:6      | Found a blossoming altar of Fedhas.
  5085 | D:6      | Found a stormy altar of Qazlal.
  5249 | D:6      | Reached skill level 5 in Fighting
  5834 | D:7      | Noticed a cyan ugly thing
  6057 | D:7      | Killed a cyan ugly thing
  6434 | D:8      | Reached skill level 10 in Fighting
  6434 | D:8      | Reached XP level 10. HP: 89/93 MP: 9/9
  6802 | D:8      | Noticed a two-headed ogre
  6914 | D:8      | Found a staircase to the Lair.
  7454 | D:8      | Killed a two-headed ogre
  7653 | D:1      | Bought the +1 scale mail of Fortification {Str-2 Slay+6}
                  | for 518 gold pieces
  7703 | D:1      | Bought a potion of berserk rage for 60 gold pieces
  7703 | D:1      | Bought a potion of heal wounds for 60 gold pieces
  7728 | D:1      | Bought a scroll labelled TESSEILILO for 29 gold pieces
  7728 | D:1      | Bought 2 scrolls labelled ETOG EZINEDDE for 58 gold pieces
  7728 | D:1      | Bought a faintly glowing diamond amulet for 145 gold pieces
  7728 | D:1      | Identified the amulet of Irrepressible Laughter {Spirit
                  | Int+2 Dex+3} (You bought it in a shop on level 1 of the
                  | Dungeon)
  7986 | D:9      | Found a transporter.
  7986 | D:9      | Noticed Blejac999's ghost (journeyman DjCj)
  7993 | D:9      | Found a transporter.
  8919 | D:10     | Entered Level 10 of the Dungeon
  9276 | D:10     | Reached XP level 11. HP: 100/110 MP: 10/10
  9844 | D:11     | Found a flagged portal.
  9859 | Bailey   | Entered a bailey
  9977 | Bailey   | Noticed an orc knight
  9996 | Bailey   | Killed an orc knight
 10369 | Bailey   | Found an iron altar of Okawaru.
 10383 | Bailey   | Reached skill level 15 in Fighting
 10478 | Bailey   | Noticed an orc knight
 10487 | Bailey   | Killed an orc knight
 10499 | Bailey   | Acquired the ring of Xeub {Str+6 Dex+6}
 10569 | Bailey   | Acquired the +3 pair of gloves of the Earth {Regen+ Str+4
                  | Dex-2}
 10732 | Bailey   | Found the +2 cloak of the Thief {*Fog Slay-2 SInv Stlth+}
 12166 | Lair:1   | Entered Level 1 of the Lair of Beasts
 12536 | Lair:1   | Identified the +0 storm dragon scales of Majestic Birdsong
                  | {Contam *Corrode rElec Regen+ Slay+6}
 12901 | Lair:2   | Noticed an oklob plant
 13019 | Lair:2   | Reached XP level 12. HP: 99/125 MP: 11/11
 14016 | Lair:3   | Found a dark tunnel.
 14036 | Volcano  | Entered a volcano
 14722 | Lair:3   | Found a staircase to the Swamp.
 15918 | Lair:4   | Noticed a dire elephant
 15943 | Lair:4   | Killed a dire elephant
 16130 | Lair:4   | Found a staircase to the Snake Pit.
 16445 | Lair:4   | Reached XP level 13. HP: 140/140 MP: 12/12
 16580 | Lair:4   | Noticed Rupert
 16599 | Lair:4   | Killed Rupert
 16946 | Lair:5   | You fall into a shaft and drop 1 floor!
 16946 | Lair:6   | Entered Level 6 of the Lair of Beasts
 17621 | Lair:5   | Reached XP level 14. HP: 126/155 MP: 13/13
 18188 | Lair:5   | Found a viscous altar of Jiyva.
 18188 | Lair:5   | Found a staircase to the Slime Pits.
 18578 | Lair:6   | Found a transporter.
 18579 | Lair:6   | Found a transporter.
 18581 | Lair:6   | Noticed xXDeathSunXx's ghost (journeyman HOAK)
 18626 | Lair:6   | Gained mutation: You expend magic power (3 MP) to
                  | strengthen your wands. [potion of mutation]
 18626 | Lair:6   | Gained mutation: You have supernaturally acute eyesight.
                  | (SInv) [potion of mutation]
 19316 | D:9      | Killed Blejac999's ghost
 19319 | D:9      | Reached skill level 1 in Dodging
 19577 | D:1      | Bought a potion of lignification for 36 gold pieces
 19577 | D:1      | Bought a potion of heal wounds for 60 gold pieces
 19577 | D:1      | Bought a potion of resistance for 120 gold pieces
 19577 | D:1      | Bought a potion of curing for 36 gold pieces
 19577 | D:1      | Bought a potion of heal wounds for 60 gold pieces
 19577 | D:1      | Bought a potion of lignification for 36 gold pieces
 19602 | D:1      | Bought 2 black potions for 52 gold pieces
 19635 | D:1      | Bought a potion of cancellation for 96 gold pieces
 19976 | Lair:2   | Reached skill level 4 in Armour
 20427 | D:12     | Noticed Frances
 20442 | D:12     | Killed Frances
 20443 | D:12     | Reached skill level 5 in Armour
 20443 | D:12     | Reached skill level 5 in Shields
 20635 | D:12     | Noticed Nergalle
 20643 | D:12     | Killed Nergalle
 20670 | D:12     | Noticed Snorg
 20679 | D:12     | Killed Snorg
 20697 | D:12     | Found a staircase to the Orcish Mines.
 20700 | D:12     | Found Uluneog's Weapon Emporium.
 20764 | D:12     | Reached skill level 6 in Armour
 21257 | D:13     | Identified the +4 great sword of Lyedi {drain, Dex+2}
 21269 | D:13     | Reached skill level 5 in Dodging
 21273 | D:13     | Found a gate to the Vaults.
 21331 | D:13     | Found a flickering gateway to a bazaar.
 21357 | Bazaar   | Entered a bazaar
 21357 | Bazaar   | Found Voiniday's Distillery.
 21357 | Bazaar   | Found Qyfasiam's Antique Weapon Emporium.
 21357 | Bazaar   | Found Jafaungu's Antique Weapon Shop.
 21357 | Bazaar   | Found Eskezo's Jewellery Shoppe.
 21360 | Bazaar   | Found Xyonatus's Book Boutique.
 21401 | Bazaar   | Lost mutation: You expend magic power (3 MP) to strengthen
                  | your wands. [potion of mutation]
 21401 | Bazaar   | Gained mutation: You evolve. [potion of mutation]
 21402 | Bazaar   | Bought a potion of mutation for 112 gold pieces
 21402 | Bazaar   | Bought a potion of curing for 42 gold pieces
 21402 | Bazaar   | Bought a potion of heal wounds for 70 gold pieces
 21501 | D:13     | Reached skill level 7 in Armour
 22387 | D:14     | Identified the +5 whip of Ukeuzis {vorpal, rElec}
 22399 | D:14     | Found a snail-covered altar of Cheibriados.
 22557 | D:14     | Reached XP level 15. HP: 163/163 MP: 14/14
 22560 | D:14     | Reached skill level 8 in Armour
 22623 | D:14     | Identified the +2 robe of the Ego {MP+9}
 22814 | D:14     | You fall into a shaft and drop 1 floor!
 22814 | D:15     | Entered Level 15 of the Dungeon
 22814 | D:15     | Found an opulent altar of Gozag.
 22886 | D:15     | Identified the +0 robe of Detill {rCorr}
 23043 | D:14     | Reached skill level 9 in Armour
 23199 | D:14     | Identified the +2 ring mail "Emiepp" {rC+ Dex+3}
 23327 | D:15     | Acquired the +1 cloak of Starlight {*Dazzle EV+4 Stlth--}
 23328 | D:15     | Found the +1 cloak of Starlight {*Dazzle EV+4 Stlth--}
 23929 | D:15     | Gained mutation: Your muscles are strong. (Str +2)
                  | [evolution]
 24001 | D:15     | Found a staircase to the Depths.
 24357 | Orc:1    | Entered Level 1 of the Orcish Mines
 24508 | Orc:2    | Entered Level 2 of the Orcish Mines
 24716 | Orc:2    | Reached skill level 10 in Armour
 24784 | Orc:2    | Reached skill level 10 in Shields
 24834 | Orc:2    | Found a staircase to the Elven Halls.
 24977 | Orc:2    | Noticed an orc warlord
 25012 | Orc:2    | Killed an orc warlord
 25161 | Orc:2    | Found Liecsacw's Weapon Boutique.
 25209 | Orc:2    | Found Rahenis's Distillery.
 25239 | Orc:2    | Bought a potion of might for 48 gold pieces
 25509 | Orc:2    | Found Lenobb's General Store.
 25519 | Orc:2    | Found Ymi Hihee's Assorted Antiques.
 25539 | Orc:2    | Bought a scroll labelled SIES TUOBREDD for 34 gold pieces
 25894 | Orc:2    | Reached skill level 11 in Armour
 26096 | Orc:1    | Found Ocwodd's Magic Scroll Shoppe.
 26096 | Orc:1    | Noticed Erolcha
 26100 | Orc:1    | Killed Erolcha
 26104 | Orc:1    | Bought a scroll of identify for 30 gold pieces
 26212 | Orc:1    | Noticed Maurice
 26222 | Orc:1    | Killed Maurice
 26976 | Snake:1  | Entered Level 1 of the Snake Pit
 27023 | Lair:4   | Reached XP level 16. HP: 87/172 MP: 15/15
 27141 | Swamp:1  | Entered Level 1 of the Swamp
 27236 | Lair:3   | Reached skill level 10 in Dodging
 27346 | Swamp:1  | Noticed Donald
 27350 | Swamp:1  | Noticed Kirke
 27376 | Lair:3   | Killed Kirke
 27392 | Swamp:1  | Killed Donald
 27500 | Swamp:1  | Reached skill level 12 in Armour
 27806 | Swamp:2  | Gained mutation: You are agile. (Dex +2) [evolution]
 28070 | Swamp:2  | Noticed a thorn hunter
 28079 | Swamp:2  | Killed a thorn hunter
 28218 | Swamp:2  | Identified the +4 hand axe "Appesist" {vorpal, rElec}
 28673 | Swamp:3  | Reached skill level 13 in Armour
 28932 | Swamp:4  | Entered Level 4 of the Swamp
 29120 | Swamp:4  | Got a decaying rune of Zot
 29569 | Swamp:4  | Found a runed translucent gate.
 29571 | Swamp:4  | Found a runed translucent gate.
 29572 | Swamp:4  | Found a runed translucent gate.
 29889 | Swamp:4  | Reached XP level 17. HP: 149/180 MP: 16/16
 29925 | Swamp:4  | Noticed mora's ghost (adept FoFi)
 29925 | Swamp:4  | Noticed Bapho's ghost (adept FoFi)
 29926 | Swamp:4  | Noticed Esiutuon's ghost (adept DECj)
 29949 | Swamp:4  | Killed mora's ghost
 29991 | Swamp:3  | Killed Bapho's ghost
 30014 | Swamp:4  | Killed Esiutuon's ghost
 30055 | Swamp:4  | Identified the +2 cloak of Lust {Rampage Regen+ Dex+5}
 30782 | D:1      | Bought the +0 chain mail of the Lost Prophets {rPois Will-
                  | Regen+} for 161 gold pieces
 31280 | Snake:1  | Reached skill level 14 in Armour
 31509 | Snake:1  | Found Nicvuss's Antique Armour Shop.
 31513 | Snake:1  | Found Nixisuqo's Magic Scroll Boutique.
 31515 | Snake:1  | Found Ecesuxak's Book Shop.
 31531 | Snake:1  | Bought a scroll of identify for 28 gold pieces
 31531 | Snake:1  | Bought a scroll of identify for 28 gold pieces
 31531 | Snake:1  | Bought a scroll of identify for 28 gold pieces
 32390 | Snake:2  | Gained mutation: You are partially covered in iridescent
                  | scales. (AC +2) [evolution]
 32390 | Snake:2  | Lost mutation: You evolve. [end of evolution]
 33545 | Snake:3  | Noticed Vashnia
 33555 | Snake:3  | Killed Vashnia
 33556 | Snake:3  | Reached skill level 15 in Armour
 33556 | Snake:3  | Reached skill level 15 in Shields
 33955 | Snake:4  | Entered Level 4 of the Snake Pit
 34106 | Snake:4  | Found a blossoming altar of Fedhas.
 34529 | Snake:4  | Reached XP level 18. HP: 188/188 MP: 17/17
 34704 | Snake:4  | Reached skill level 16 in Armour
 34912 | Snake:4  | Reached skill level 15 in Dodging
 35217 | Snake:4  | Got a serpentine rune of Zot
 35973 | Vaults:1 | Entered Level 1 of the Vaults
 35995 | Vaults:1 | Reached skill level 17 in Armour
 36227 | Vaults:1 | Identified the ring of Pyromania {MP+9 Dex+2}
 36583 | Vaults:1 | Reached XP level 19. HP: 195/195 MP: 18/18
 37463 | Vaults:2 | Reached skill level 18 in Armour
 38526 | Vaults:3 | Found a staircase to the Crypt.
 38990 | Vaults:3 | Reached skill level 19 in Armour
 38993 | Vaults:3 | Reached XP level 20. HP: 204/204 MP: 19/19
 39117 | Vaults:3 | Found Timemume's Antique Weapon Emporium.
 39317 | Vaults:3 | Found a runed translucent door.
 39317 | Vaults:3 | Noticed Jihiargh's ghost (adept HOFi)
 39649 | Vaults:3 | Killed Jihiargh's ghost
 39991 | Vaults:4 | Noticed Saint Roka
 40024 | Vaults:4 | Killed Saint Roka
 40430 | Vaults:4 | Found Ligut's Antique Weapon Shop.
 40567 | Vaults:4 | Identified the +2 ring mail of Vexation {Fly rElec Dex+3}
 40623 | Vaults:4 | Reached skill level 20 in Armour
 40704 | Vaults:4 | Identified the +11 quarterstaff "Trog's Righteous Fury"
                  | {freeze, rN+}
 41123 | Elf:1    | Entered Level 1 of the Elven Halls
 41195 | Elf:1    | Found Ethreecs's Assorted Antiques.
 41235 | Elf:1    | Paralysed by an air elemental for 1 turns
 41324 | Elf:1    | Found Tesk's Overcharged Wands.
 42099 | Elf:2    | Found a runed translucent gate.
 42102 | Elf:2    | Found a runed translucent gate.
 42103 | Elf:2    | Found a runed translucent gate.
 42572 | Elf:2    | Reached XP level 21. HP: 211/211 MP: 20/20
 42991 | Elf:3    | Entered Level 3 of the Elven Halls
 43878 | Elf:3    | Identified the +1 robe of Jeewusmei {Str+4}
 43883 | Elf:3    | Identified the +2 leather armour of Wasted Space {Str+5}
 43891 | Elf:3    | Identified the +10 double sword of Fate {speed, +Blink
                  | Int+2 Dex-2}
 44034 | Elf:3    | Identified the amulet of Darkness {rC+ Regen+ Dex+3 Slay+3}
 44594 | Elf:3    | Reached skill level 21 in Armour
 44669 | Elf:3    | Got Ycoer's Papyrus of Orientation and Clay
 44986 | Elf:3    | Acquired a +0 demon trident of draining
 45595 | Crypt:1  | Entered Level 1 of the Crypt
 45657 | Crypt:1  | Found a runed translucent door.
 45658 | Crypt:1  | Noticed Vecvo's ghost (veteran GrFi)
 46878 | Crypt:1  | Killed Vecvo's ghost
 47024 | Crypt:2  | Found a magical portal.
 47060 | WizLab   | Entered Cigotuvi's Fleshworks
 47365 | WizLab   | Paralysed by a floating eye for 2 turns
 47371 | WizLab   | Reached XP level 22. HP: 220/220 MP: 21/21
 47374 | WizLab   | Paralysed by a floating eye for 3 turns
 47422 | WizLab   | Paralysed by a floating eye for 2 turns
 47429 | WizLab   | Paralysed by a floating eye for 3 turns
 47440 | WizLab   | Paralysed by a floating eye for 4 turns
 47535 | WizLab   | Got Cigotuvi's Collected Works on Transformation and Unholy
                  | Magic
 47567 | WizLab   | Identified the ring of Munasalu {+Blink rElec rC- rN+++
                  | AC+4}
 48358 | Crypt:2  | Reached skill level 22 in Armour
 48564 | Crypt:2  | Noticed Frederick
 48568 | Crypt:2  | Killed Frederick
 48817 | Crypt:3  | Entered Level 3 of the Crypt
 48817 | Crypt:3  | Noticed Sojobo
 48849 | Crypt:2  | Killed Sojobo
 49247 | Crypt:3  | Found a basalt altar of Yredelemnul.
 49247 | Crypt:3  | Noticed a dread lich
 49255 | Crypt:3  | Killed a dread lich
 49318 | Crypt:3  | Identified the amulet of Liberty {Faith +Blink rPois rCorr}
 49540 | Crypt:3  | Found a staircase to the Tomb.
 50171 | Vaults:5 | Entered Level 5 of the Vaults
 50200 | Vaults:5 | Reached XP level 23. HP: 227/227 MP: 22/22
 50245 | Vaults:5 | Identified the +8 broad axe of the Blowfly {antimagic, rF+
                  | Int+2}
 50257 | Vaults:5 | Identified the +1 robe "Origgiyr" {Dex+4}
 50288 | Vaults:5 | Reached skill level 23 in Armour
 50353 | Vaults:5 | Noticed a dread lich
 50402 | Vaults:5 | Killed a dread lich
 50479 | Vaults:5 | Found Icla Wau's Distillery.
 50591 | Vaults:5 | Identified the +10 great sword of Attainder {elec, rF+
                  | Int+3 Stlth+}
 50684 | Vaults:5 | Found Meodd's Distillery.
 50752 | Vaults:5 | Got a silver rune of Zot
 50763 | Vaults:5 | Identified the ring "Kojithun" {rF+ Will+ Int-5 SInv}
 51002 | Vaults:5 | Got the Reference Book on Transmutation
 51157 | Vaults:5 | Noticed a dread lich
 51165 | Vaults:5 | Killed a dread lich
 51166 | Vaults:5 | Reached XP level 24. HP: 216/235 MP: 22/22
 51170 | Vaults:5 | Reached skill level 24 in Armour
 51927 | Depths:1 | Entered Level 1 of the Depths
 51931 | Depths:1 | Found a gateway to a ziggurat.
 51973 | Depths:1 | Found a bloodstained altar of Trog.
 52219 | Depths:1 | Found a white marble altar of Elyvilon.
 52393 | Depths:1 | Found a gateway to Hell.
 52480 | Depths:1 | Found a one-way gate leading to the halls of Pandemonium.
 52481 | Depths:1 | Gained mutation: Your spells are a little easier to cast,
                  | but a little less powerful. [a neqoxec]
 52694 | Hell     | Entered the Vestibule of Hell
 52694 | Hell     | Noticed Geryon
 53272 | Temple   | Fell from the grace of Gozag
 53272 | Temple   | Became a worshipper of the Shining One
 53672 | Elf:1    | Reached skill level 1 in Invocations
 54578 | Depths:2 | Reached skill level 5 in Invocations
 54584 | Depths:2 | Noticed Aizul
 54592 | Depths:2 | Killed Aizul
 54619 | Depths:2 | Noticed the Enchantress
 54626 | Depths:2 | Noticed Asterion
 54641 | Depths:2 | Reached * piety under the Shining One
 54673 | Depths:2 | Killed the Enchantress
 54692 | Depths:2 | Noticed a juggernaut
 54695 | Depths:2 | Killed Asterion
 54708 | Depths:2 | Killed a juggernaut
 54949 | Depths:2 | Reached skill level 10 in Invocations
 54994 | Depths:2 | Found a one-way gate to the infinite horrors of the Abyss.
 55007 | Depths:2 | Reached ** piety under the Shining One
 55079 | Depths:2 | Reached XP level 25. HP: 243/243 MP: 30/30
 55480 | Depths:3 | Reached *** piety under the Shining One
 55936 | Depths:3 | Found a hazy altar of Hepliaklqana.
 56000 | Depths:3 | Reached skill level 15 in Polearms
 56089 | Depths:3 | Reached **** piety under the Shining One
 56238 | Depths:3 | Reached ***** piety under the Shining One
 56877 | Depths:4 | Found a sacrificial altar of Ru.
 57165 | Depths:4 | Found an ornate altar of the Wu Jian Council.
 57622 | Depths:5 | Entered Level 5 of the Depths
 57623 | Depths:5 | Noticed Boris
 57647 | Depths:4 | Killed Boris
 57700 | Depths:5 | Noticed Jory
 57711 | Depths:5 | Noticed Xtahua
 57753 | Depths:4 | Killed Jory
 57754 | Depths:4 | Reached skill level 15 in Invocations
 57866 | Depths:4 | Identified the +8 great sword of Hard Scrabble {flame, rC+
                  | rN+ MP+9}
 57896 | Depths:4 | Killed Xtahua
 57980 | Depths:5 | Reached XP level 26. HP: 251/251 MP: 33/33
 58181 | Depths:5 | Reached ****** piety under the Shining One
 58218 | Depths:5 | Found a gate to the Realm of Zot.
 58360 | Depths:3 | Identified a +9 trishula of holy wrath (a +9 demon trident
                  | of draining blessed by the Shining One)
 58360 | Depths:3 | Received a gift from the Shining One
 59334 | Slime:1  | Entered Level 1 of the Pits of Slime
 59337 | Slime:1  | Gained mutation: You are dopey. (Int -2) [a shining eye]
 59343 | Slime:1  | Lost mutation: You are agile. (Dex +2) [a shining eye]
 60200 | Slime:3  | Gained mutation: You are frail. (-10% HP) [a shining eye]
 60206 | Slime:2  | Was forgiven by Gozag
 60209 | Slime:3  | Gained mutation: Your body sometimes deteriorates upon
                  | taking damage. [a shining eye]
 60252 | Slime:3  | Gained mutation: Your spells are easier to cast, but less
                  | powerful. [a shining eye]
 60290 | Slime:3  | Gained mutation: Armour fits poorly on your strangely
                  | shaped body. [a shining eye]
 60379 | Slime:3  | Lost mutation: Your spells are easier to cast, but less
                  | powerful. [potion of mutation]
 60379 | Slime:3  | Lost mutation: Your muscles are strong. (Str +2) [potion of
                  | mutation]
 60379 | Slime:3  | Lost mutation: You are partially covered in iridescent
                  | scales. (AC +2) [potion of mutation]
 60379 | Slime:3  | Gained mutation: You are partially covered in iridescent
                  | scales. (AC +2) [potion of mutation]
 60379 | Slime:3  | Gained mutation: Your muscles are strong. (Str +2) [potion
                  | of mutation]
 60380 | Slime:3  | Lost mutation: You are partially covered in iridescent
                  | scales. (AC +2) [potion of mutation]
 60380 | Slime:3  | Lost mutation: You are frail. (-10% HP) [potion of
                  | mutation]
 60380 | Slime:3  | Gained mutation: You are clumsy. (Dex -2) [potion of
                  | mutation]
 60380 | Slime:3  | Gained mutation: You are resistant to electric shocks.
                  | (rElec) [potion of mutation]
 60381 | Slime:3  | Lost mutation: Your body sometimes deteriorates upon taking
                  | damage. [potion of mutation]
 60381 | Slime:3  | Lost mutation: Your muscles are strong. (Str +2) [potion of
                  | mutation]
 60381 | Slime:3  | Gained mutation: Potions are less effective at restoring
                  | your health. [potion of mutation]
 60381 | Slime:3  | Gained mutation: You are very clumsy. (Dex -4) [potion of
                  | mutation]
 60381 | Slime:3  | Lost mutation: You are very clumsy. (Dex -4) [potion of
                  | mutation]
 60381 | Slime:3  | Gained mutation: You have a pair of large horns on your
                  | head. [potion of mutation]
 60382 | Slime:3  | Lost mutation: Your spells are a little easier to cast, but
                  | a little less powerful. [potion of mutation]
 60382 | Slime:3  | Lost mutation: You have a pair of large horns on your head.
                  | [potion of mutation]
 60382 | Slime:3  | Lost mutation: You have supernaturally acute eyesight.
                  | (SInv) [potion of mutation]
 60382 | Slime:3  | Gained mutation: Your flesh is cold resistant. (rC+)
                  | [potion of mutation]
 60382 | Slime:3  | Gained mutation: Your flesh is heat resistant. (rF+)
                  | [potion of mutation]
 60382 | Slime:3  | Gained mutation: You sometimes lose the ability to read
                  | scrolls when taking damage. [potion of mutation]
 60383 | Slime:3  | Lost mutation: Armour fits poorly on your strangely shaped
                  | body. [potion of mutation]
 60383 | Slime:3  | Lost mutation: You are clumsy. (Dex -2) [potion of
                  | mutation]
 60383 | Slime:3  | Gained mutation: You occasionally shout uncontrollably at
                  | your foes. [potion of mutation]
 60384 | Slime:3  | Lost mutation: Your flesh is cold resistant. (rC+) [potion
                  | of mutation]
 60384 | Slime:3  | Lost mutation: You sometimes lose the ability to read
                  | scrolls when taking damage. [potion of mutation]
 60384 | Slime:3  | Lost mutation: You occasionally shout uncontrollably at
                  | your foes. [potion of mutation]
 60384 | Slime:3  | Gained mutation: You have sharp fingernails. [potion of
                  | mutation]
 60385 | Slime:3  | Lost mutation: You are dopey. (Int -2) [potion of mutation]
 60385 | Slime:3  | Lost mutation: You have sharp fingernails. [potion of
                  | mutation]
 60385 | Slime:3  | Gained mutation: You have supernaturally acute eyesight.
                  | (SInv) [potion of mutation]
 60385 | Slime:3  | Gained mutation: You have sharp fingernails. [potion of
                  | mutation]
 60385 | Slime:3  | Gained mutation: Your spells are a little harder to cast,
                  | but a little more powerful. [potion of mutation]
 60627 | Slime:4  | Noticed Dissolution
 60635 | Slime:3  | Killed Dissolution
 60660 | Slime:4  | Gained mutation: Potions cannot restore your health. [a
                  | shining eye]
 61241 | Slime:5  | Entered Level 5 of the Pits of Slime
 61520 | Slime:5  | Noticed the Royal Jelly
 61676 | Slime:4  | HP: 7/251 [drowned by a quicksilver ooze[the Royal Jelly]
                  | (6)]
 61676 | Slime:4  | Mangled by a rockslime

Illustrated notes

Levels and vault maps discovered:
D:1:      minmay_arrival_checkered_box, layout_loops_ring, serial_shops,
          nicolae_shop_waterfront, shop, shop, shop_statue, nicolae_square_shop,
          hellmonk_ecumenical_altar_prayer_group
D:2:      layout_rooms
D:3:      layout_rooms, mainiacjoe_overflow_alcove_4, serial_shops, shop_statue,
          shop, uniq_jessica
D:4:      layout_basic, lemuel_mausoleum_altar_yredelemnul,
          grunt_temple_overflow_open, minmay_temple_entry_antechambers
D:5:      layout_loops_ring, roderic_batcave, uniq_prince_ribbit1
D:6:      layout_rooms, grunt_temple_overflow_forces_of_nature,
          amcnicky_mini_pool_medium, uniq_maggie
D:7:      layout_basic, chequers_serial_rivers_micro_d
D:8:      layout_loops_ring, due_lair_maze_entry_diamond, minmay_fountain_box,
          minmay_tree_intersection
D:9:      layout_loops_corners, gammafunk_ghost_mausoleum
D:10:     layout_loops_ring
D:11:     layout_grid_maze, gauntlet_entry_generic, enter_bailey_3,
          fungi_pond_lemuel
D:12:     layout_long_grid, orc_david_3, uniq_frances, uniq_snorg, uniq_nergalle
D:13:     layout_irregular_city, ximxim_vaults_locker_room, serial_shops,
          bzr_entry_gold, drop_trap, eino_jars
D:14:     kennysheep_big_flooded_room, layout_irregular_city,
          cheibriados_altar_1, st_stairs_4
D:15:     gammafunk_enter_depths_forms, layout_basic, lemuel_tele_altar,
          nicolae_benzene_ring
Temple:   dpeg_chambers_temple
Lair:1:   layout_regular_city
Lair:2:   layout_gridlike, minmay_lair_oklob_bushes, infiniplex_staircase_pool_2
Lair:3:   layout_cave_pods, skrybe_swamp_entry_bodies,
          nicolae_volcano_entry_two_sided
Lair:4:   nzn_winding_woodlands_stair_trap [nzn_winding_woodlands_5x15_zeroes,
          nzn_winding_woodlands_5x15_twine, nzn_winding_woodlands_5x15_sawtooth,
          nzn_winding_woodlands_15x15_eel_pit,
          nzn_winding_woodlands_5x15_default,
          nzn_winding_woodlands_5x15_crooked,
          nzn_winding_woodlands_5x15_lazy_stream], layout_layer_cave,
          minmay_snake_entry_guardpost_medium, lemuel_fruit_tree, uniq_rupert
Lair:5:   layout_gridlike, dpeg_slime_entry_enclosed_altar, special_room
          [special_room_mythical_zoo], chequers_serial_rivers_room_a
Lair:6:   evilmike_catoblepas_cave, layout_regular_city, gammafunk_ghost_hive
Swamp:1:  layout_falls_marsh, evilmike_swamp_ruin_rubble_2, uniq_kirke,
          uniq_donald
Swamp:2:  layout_falls_marsh, serial_swamp_ruin, evilmike_swamp_ruin_house_4,
          evilmike_swamp_ruin_house_1
Swamp:3:  layout_basic_swamp, nicolae_swamp_little_tower
Swamp:4:  swamp_icy, layout_basic_swamp, gammafunk_ghost_cemetery, swamp_pool3,
          nicolae_swamp_little_swirl
Snake:1:  layout_gridlike, portal_ice_cave_entry_pillars_1, minmay_shop_star
Snake:2:  layout_chambers
Snake:3:  layout_onion, uniq_vashnia
Snake:4:  grunt_snake_rune_spirals, layout_concentric_octagons, basic_altar,
          st_stairs_9, grunt_ministairs_12, serial_bayou_shore_b
Slime:1:  layout_caves
Slime:2:  layout_caves
Slime:3:  layout_caves
Slime:4:  cheibrodos_slime_lost_civilization_9, layout_caves, dissolution_awaits
Slime:5
Orc:1:    layout_caves, serial_shops, shop, nicolae_orc_lava_room, uniq_maurice,
          uniq_erolcha
Orc:2:    pubby_orc_utopia, serial_shops
Elf:1:    layout_geoelf_diagonals, serial_shops, nicolae_shop_trees,
          minmay_elf_crystal_heptagon, nicolae_shop_overcharged_wands
Elf:2:    elven_hall_of_blades_hangedman_original
          [nicolae_blade_entry_floor_patterns], layout_onion_city
Elf:3:    elf_hall_gauntlet_narrow, layout_geoelf_castle,
          wad_floor_pattern_untrapped
Vaults:1: ontoclasm_vaults_water_temple, grunt_vaults_bifocal,
          nicolae_vaults_windows_and_doors_thing, hangedman_vaults_restitches,
          nicolae_vaults_shelves_hall, hangedman_vaults_capsules,
          layout_vaults_chaotic_city, serial_glass
Vaults:2: nicolae_vaults_angled_halls, vaults_room_door_hall, v_misc_25,
          nicolae_vaults_three_branches, v_misc_24, v_misc_27,
          nicolae_vaults_border_crossing, v_misc_10, v_misc_30,
          grunt_vaults_hallway_short, vaults_dpeg_doors, v_misc_14,
          layout_vaults_maze
Vaults:3: gammafunk_vaults_ghost_grave, minmay_crypt_entry_simple_sparse,
          ontoclasm_vaults_eye, grunt_vaults_diagonal,
          nicolae_vaults_c_with_doors, vaults_room_pools,
          layout_vaults_omnigrid, serial_shops, shop
Vaults:4: v_misc_27, v_misc_9, ontoclasm_vaults_twist, vaults_room_grid,
          v_misc_3, v_misc_26, v_misc_4, st_more_cells,
          nicolae_vaults_circle_grid_b, vaults_room_pool,
          layout_vaults_omnicross, serial_shops, shop, uniq_saint_roka
Vaults:5: serial_shops
Crypt:1:  layout_gridlike, ebering_ghost_inner_flame, grunt_megastairs_1,
          grunt_crypt_arrival_split
Crypt:2:  layout_misc_corridors, mu_enter_wizlab_5, uniq_frederick
Crypt:3:  cryptofortress_bobbens, uniq_sojobo
Depths:1: layout_cave_pools, enter_ziggurat_a, grunt_pan_entry_sceptre,
          elyvilon_altar_5, pf_hell_entry_tar_river, trog_hazing_becter
Depths:2: minmay_swirls_squares, layout_cave_shapes, abyss_entry, hell_entry,
          minmay_holes, uniq_asterion, uniq_enchantress, uniq_aizul
Depths:3: minmay_three_patterns, layout_cave_pools, pan_entry, hell_entry,
          nzn_hepliaklqana_mist_gate
Depths:4: kennysheep_ogre_elephant_herders, layout_long_grid,
          abyss_entry_glasseish, nzn_wu_jian_contemplation, hell_entry,
          minmay_misc_feat_diagonals, nicolae_ru_great_annihilating_truth
Depths:5: grunt_crosshair, layout_cave_pools, rand_demon_pan_entry_7,
          hell_entry, minmay_statues_item, serial_bayou_shore_b,
          serial_bayou_shore_a, uniq_xtahua, uniq_jory, uniq_boris
Hell

Skill      XL: |  1  2  3  4  5  6  7  8  9 10 11 12 13 14 15 16 17 18 19 20 21 22 23 24 25 26 |
---------------+-------------------------------------------------------------------------------+-----
Polearms       | 3 4 5 6 7 9 11 13 14 16 18 | 18.5
Fighting       | 10 14 17 20 22 23 | 23.3
Dodging        | 6 9 12 14 16 17 18 19 21 22 | 22.6
Armour         | 7 11 13 15 17 19 20 21 22 23 24 | 24.4
Shields        | 8 11 13 15 16 17 19 20 21 23 | 23.6
Invocations    | 10 15 18 | 18.0

Action                   |  1- 3 |  4- 6 |  7- 9 | 10-12 | 13-15 | 16-18 | 19-21 | 22-24 | 25-27 || total
-------------------------+-------+-------+-------+-------+-------+-------+-------+-------+-------++-------
Melee: Trident           |   100 |   153 |   285 |   560 |  1081 |  1624 |  1247 |   317 |   856 ||  6223
       Headbutt          |    11 |    27 |    44 |   117 |   300 |   419 |   559 |   515 |   418 ||  2410
       Demon trident     |       |       |       |       |       |       |   236 |   999 |       ||  1235
       Unarmed           |       |       |       |       |       |       |    84 |   144 |       ||   228
       Trishula          |       |       |       |       |       |       |       |       |   303 ||   303
Throw: Throwing net      |       |       |       |       |       |     1 |       |     1 |       ||     2
Invok: Divine Shield     |       |       |       |       |       |       |       |       |     2 ||     2
       Brand Weapon With |       |       |       |       |       |       |       |       |     1 ||     1
  Use: Potion            |       |       |     2 |     5 |     3 |       |     1 |     4 |     9 ||    24
       Scroll            |       |       |       |     7 |    12 |    10 |    13 |     1 |     1 ||    44
 Stab: Distracted        |       |       |     1 |     5 |     8 |     9 |     4 |    17 |       ||    44
       Invisible         |       |       |       |       |     1 |     1 |       |     3 |       ||     5
Armor: Scale mail        |    27 |    58 |    13 |    36 |       |       |       |       |       ||   134
       Chain mail        |       |       |    52 |    20 |       |   106 |       |       |       ||   178
       Skin              |       |       |       |     1 |       |       |       |     1 |       ||     2
       Storm dragon scal |       |       |       |    44 |   235 |   162 |   145 |   173 |   254 ||  1013
Dodge: Dodged            |    17 |    19 |    34 |    59 |   145 |   378 |   291 |   347 |   652 ||  1942
Block: Kite shield       |    40 |    67 |    75 |   229 |   154 |   911 |   820 |   639 |  1020 ||  3955
       Reflection        |       |       |       |     7 |     3 |   125 |   102 |       |       ||   237
       Tower shield      |       |       |       |       |   341 |   136 |       |       |       ||   477

Table legend: (Time is in decaauts)
 A = Elapsed time spent in this place.
 B = Non-inter-level travel time spent in this place.
 C = Inter-level travel time spent in this place.
 D = Time resting spent in this place.
 E = Time spent auto-exploring this place.
 F = Levels seen in this place.
 G = Mean time per level.
                   A        B        C        D        E       F      G
               +--------+--------+--------+--------+--------+-----+--------+
         Total |  59881 |  51627 |   8254 |   2422 |  32746 |  58 | 1032.4 |
       Dungeon |  18099 |  14114 |   3985 |    707 |  10206 |  15 | 1206.6 |
        Temple |    183 |    183 |      0 |      0 |    110 |   1 |  183.0 |
          Lair |   7667 |   6566 |   1101 |    231 |   4870 |   6 | 1277.8 |
         Swamp |   2980 |   2830 |    150 |     42 |   1833 |   4 |  745.0 |
     Snake Pit |   4346 |   4132 |    214 |     35 |   2919 |   4 | 1086.5 |
    Slime Pits |   2241 |   2099 |    142 |    244 |   1386 |   5 |  448.2 |
  Orcish Mines |   2477 |   2081 |    396 |      0 |   1291 |   2 | 1238.5 |
   Elven Halls |   4381 |   3477 |    904 |    418 |   1569 |   3 | 1460.3 |
        Vaults |   6302 |   5767 |    535 |      0 |   3936 |   5 | 1260.4 |
         Crypt |   3321 |   3054 |    267 |     67 |   1387 |   3 | 1107.0 |
        Depths |   4941 |   4382 |    559 |     73 |   2677 |   5 |  988.2 |
          Hell |     12 |     12 |      0 |      0 |      0 |   1 |   12.0 |
        Bazaar |     78 |     78 |      0 |      0 |     38 |   1 |   78.0 |
        Bailey |   1221 |   1221 |      0 |    504 |    133 |   1 | 1221.0 |
       Volcano |    638 |    638 |      0 |     24 |    331 |   1 |  638.0 |
        Wizlab |    986 |    986 |      0 |     76 |     58 |   1 |  986.0 |
               +--------+--------+--------+--------+--------+-----+--------+

Top non-repeatable levels by time:
   Elf:3: 2307 daAuts
   Orc:2: 1905 daAuts
  Lair:4: 1692 daAuts
  Lair:2: 1606 daAuts
     D:9: 1515 daAuts
Vaults:3: 1503 daAuts
     D:4: 1495 daAuts
     D:1: 1491 daAuts
    D:15: 1487 daAuts
     D:8: 1481 daAuts
Vaults:1: 1448 daAuts
    D:13: 1429 daAuts
 Crypt:1: 1332 daAuts
Vaults:5: 1329 daAuts
 Snake:4: 1321 daAuts
